 Dungeon Crawl Stone Soup version 0.29.1-12-g30fa7ad0bf (webtiles) character file.

Game seed: 17550467628973409231

27 GigaChad the Trooper (level 2, -2/28 HPs)
             Began as a Minotaur Fighter on Dec 19, 2022.
             Was an Initiate of Ashenzari.
             Killed from afar by Sigmund (9 damage)
             ... with a magic dart
             ... on level 2 of the Dungeon.
             The game lasted 00:01:58 (887 turns).

GigaChad the Trooper (Minotaur Fighter)              Turns: 887, Time: 00:01:59

Health: -2/28      AC:  7    Str: 20    XL:     2   Next: 93%
Magic:  1/1        EV:  9    Int:  5    God:    Ashenzari [......]
Gold:   36         SH:  0    Dex:  9    Spells: 1/1 levels left

rFire   . . .      SeeInvis .   a - +0 war axe
rCold   . . .      Faith    .   c - +0 buckler
rNeg    . . .      Spirit   .   b - +0 scale mail
rPois   .          Reflect  .   (helmet restricted)
rElec   .          Harm     .   (no cloak)
rCorr   .          Rampage  .   (no gloves)
Will    .....                   (no boots)
Stlth   ..........              (no amulet)
HPRegen 0.09/turn               (no ring)
MPRegen 0.07/turn               (no ring)

@: confused
A: horns 2, retaliatory headbutt
a: Renounce Religion, Curse Item


You were on level 2 of the Dungeon.
You worshipped Ashenzari.
Ashenzari was noncommittal.
You visited 1 branch of the dungeon, and saw 2 of its levels.

You collected 36 gold pieces.

Inventory:

Hand Weapons
 a - a +0 war axe (weapon)
Armour
 b - a +0 scale mail (worn)
 c - a +0 buckler (worn)
Jewellery
 f - a ring of ice
Scrolls
 e - a scroll of enchant armour {unknown}
 g - a scroll of noise {unknown}
Potions
 d - a potion of might


   Skills:
 + Level 4.3 Fighting
 + Level 2.7 Axes
 + Level 3.8 Armour
 + Level 4.1 Shields


You had one spell level left.
You didn't know any spells.
Your spell library contained the following spells:

 Spells                   Type           Power      Damage    Failure   Level
 Vampiric Draining        Necr           0%         2d6       99%         3
 Dispel Undead            Necr           0%         3d6       100%        4
 Simulacrum               Ice/Necr       0%         N/A       100%        6
 Ozocubu's Refrigeration  Ice            0%         4d7       100%        7


Dungeon Overview and Level Annotations

Branches:
Dungeon (2/15)

Altars:
Ashenzari

Annotations:
D:2 Sigmund


Innate Abilities, Weirdness & Mutations

You have a pair of horns on your head.
You reflexively headbutt those who attack you in melee.


Message History

Found a short sword.
You see here a +0 short sword.
There is a stone staircase leading up here.
Found a stone staircase leading down.
Sigmund the Dreaded comes into view.
He is wielding a +0 scythe.
Sigmund shouts!
Found a stone staircase leading down.
Sigmund hits you but does no damage.
You hit Sigmund. Your headbutt misses Sigmund.
Sigmund is lightly wounded.
You hit Sigmund.
Sigmund is moderately wounded.
Sigmund hits you with a +0 scythe!
You hit Sigmund.
Sigmund is moderately wounded.
Sigmund points at you and mumbles some strange words.
You resist with significant effort. You block Sigmund's attack.
You hit Sigmund but do no damage. You headbutt Sigmund.
Sigmund is moderately wounded.
Sigmund gestures at you while chanting. The puff of flame hits you.
You hit Sigmund but do no damage.
Sigmund is moderately wounded.
Sigmund screams, "I am the angel of ZOT!!!"
Sigmund points at you and mumbles some strange words.
You are confused.
You bump into the rock wall.
Sigmund mumbles some strange words.
Sigmund flickers and vanishes!
Deactivating autopickup; reactivate with Ctrl-A.
You're too confused to move!
Something hits you.
You closely miss something. Something hits you!
* * * LOW HITPOINT WARNING * * *
Something hits you.
* * * LOW HITPOINT WARNING * * *
You bump into the rock wall.
You hear some strange, mumbled words.
A magic dart appears from out of thin air!
The magic dart hits you!
You die...

#...# #..>#.# #
#...#.# ###.#...#.###
....#...#...#
#..>......# ######
##.#..#.#..# #....#
##....@.....#.#.##.#
.......{.....#.#.##.#
##########...#.#.##.#
..........#.#.##.#
#.#######..#.#.##.#
#..........#.#.##.#
#####......#.#.##.#
#.######.#.##.#
#....<......#.#


There were no monsters in sight!

Vanquished Creatures
  A dart slug (D:1)
  2 endoplasms (D:1)
  2 giant cockroaches (D:1)
  2 goblins (D:1)
  3 hobgoblins (D:1)
  A quokka (D:1)
  2 ball pythons (D:1)
  4 bats (D:1)
  3 frilled lizards (D:1)
  A kobold (D:1)
  2 rats (D:1)
23 creatures vanquished.

Vanquished Creatures (others)
  9 plants (D:1)
  11 withered plants (D:1)
20 creatures vanquished.

Grand Total: 43 creatures vanquished

Notes
Turn   | Place    | Note
-------+----------+-------------------------------------------
     0 | D:1      | GigaChad the Minotaur Fighter began the quest for the Orb.
     0 | D:1      | Reached XP level 1. HP: 19/19 MP: 0/0
   180 | D:1      | Reached XP level 2. HP: 13/27 MP: 1/1
   424 | D:1      | Got the Folio of Frozen Darkness
   660 | D:1      | Found a faded altar of an unknown god.
   801 | D:1      | Prayed at the altar of an unknown god.
   801 | D:1      | Became a worshipper of Ashenzari the Shackled
   873 | D:2      | Noticed Sigmund
   887 | D:2      | Killed from afar by Sigmund

Illustrated notes

Levels and vault maps discovered:
D:1:      eino_arrival_tree_alley, layout_rooms,
          shapermc_ecumenical_altar_flowoftime
D:2:      minmay_kobold_bridge, layout_basic, kennysheep_small_spiral,
          uniq_sigmund, uniq_jessica

Skill      XL: |  1  2 |
---------------+-------+-----
Fighting       | 4 |  4.3
Shields        | 4 |  4.1
Axes           | |  2.7
Armour         | |  3.8

Action                   || total
-------------------------++-------
Melee: War axe           ||    49
       Headbutt          ||     6
Armor: Scale mail        ||    30
Dodge: Dodged            ||    28
Block: Buckler           ||    14
